 Dungeon Crawl Stone Soup version 0.27.0-1-g7a089689b8 (webtiles) character file.

Game seed: 16215313088117582567

5 MajorAdolf the Skirmisher (level 1, 0/22 HPs)
             Began as a Naga Wanderer on Aug 9, 2021.
             Slain by a hobgoblin (4 damage)
             ... on level 1 of the Dungeon.
             The game lasted 00:00:44 (63 turns).

MajorAdolf the Skirmisher (Naga Wanderer)             Turns: 63, Time: 00:00:44

Health: 0/22       AC:  5    Str: 12    XL:     1   Next: 80%
Magic:  1/1        EV:  6    Int: 13    God:
Gold:   0          SH:  0    Dex: 11    Spells: 0/0 levels left

rFire    . . .     SeeInvis +   a - +0 hand axe
rCold    . . .     Faith    .   (no shield)
rNeg     . . .     Spirit   .   b - +2 scale mail
rPois    +         Reflect  .   (no helmet)
rElec    .         Harm     .   (no cloak)
rCorr    .         Rampage  .   (no gloves)
Will     .....                  (no barding)
Stlth    ..........             (no amulet)
HPRegen  0.07/turn              (no ring)
MPRegen  0.07/turn              (no ring)

@: short of breath, very slow
A: AC +0, large, see invisible, deformed body, poison resistance, slowness 2,
spit poison 1, naga tail 1
a: Spit Poison


You were on level 1 of the Dungeon.
You visited 1 branch of the dungeon, and saw 1 of its levels.

Inventory:

Hand Weapons
 a - a +0 hand axe (weapon)
Armour
 b - a +2 scale mail (worn)
Scrolls
 c - a scroll of teleportation


   Skills:
 - Level 4.0 Fighting
 + Level 0.4(0.8) Axes
 - Level 1.0(1.1) Maces & Flails
 - Level 1.0 Crossbows
 + Level 1.7 Armour
 + Level 0.4 Dodging
 - Level 1.5 Stealth
 - Level 1.0 Evocations


You couldn't memorise any spells.
You didn't know any spells.
Your spell library was empty.

Dungeon Overview and Level Annotations

Branches:
Dungeon (1/15)

Altars:


Innate Abilities, Weirdness & Mutations

Your serpentine skin is tough. (AC +0)
You have supernaturally acute eyesight. (SInv)
Armour fits poorly on your strangely shaped body.
Your system is resistant to poisons. (rPois)
You cover ground very slowly.
You can spit poison.
You have a snake-like lower body.


Message History

The quokka barely misses you.
You closely miss the quokka.
The quokka is almost dead.
The hobgoblin shouts!
The quokka bites you but does no damage. x2
You hit the quokka but do no damage.
The quokka is severely wounded.
A bat comes into view.
The quokka bites you.
* * * LOW HITPOINT WARNING * * *
The bat moves out of view.
Press: ? - help, Shift-Dir - straight line, f - quokka
Aim: a quokka (severely wounded)
The splash of poison hits the quokka.
The quokka is poisoned.
You kill the quokka!
The kobold closely misses you.
Unknown command.
You closely miss the kobold. The kobold barely misses you.
You closely miss the kobold. The kobold hits you with a +0 dagger.
* * * LOW HITPOINT WARNING * * *
The kobold barely misses you.
You have got your breath back.
Press: ? - help, Shift-Dir - straight line, f - kobold
Aim: a kobold, wielding a +0 dagger The splash of poison hits the kobold!
You kill the kobold!
Unknown command.
You have got your breath back.
The hobgoblin barely misses you.
Found a scroll labelled ZAL OSAADABRU and 18 stones.
Found an escape hatch in the floor.
Press: ? - help, Shift-Dir - straight line, f - hobgoblin
Aim: a hobgoblin The splash of poison misses the hobgoblin.
The hobgoblin hits you but does no damage.
Unknown command.
A kobold comes into view. It is wielding a +0 short sword.
The kobold shouts!
The hobgoblin hits you.
You die...

#. .# g .# .≈ ##### .#
..≈ #...# .# .... .
#..[# .#... .
.?.#######...##..#....
........g...)').......
.......@.#...##....#..
.(.......#...##.....#
.K............#.......
..............#.......
...#####......#.....?.
.## #......##########
#......# #.
#......##### ##.
#..........# ##..


You could see a hobgoblin and a kobold.

Vanquished Creatures
  An endoplasm (D:1)
  A goblin (D:1)
  A quokka (D:1)
  2 kobolds (D:1)
5 creatures vanquished.

Notes
Turn   | Place    | Note
-------+----------+-------------------------------------------
     0 | D:1      | MajorAdolf the Naga Wanderer began the quest for the Orb.
     0 | D:1      | MajorAdolf set off with the following items: a +0 hand axe,
                  | a +2 scale mail, a scroll of teleportation
     0 | D:1      | Reached XP level 1. HP: 22/22 MP: 1/1
    63 | D:1      | Slain by a hobgoblin

Illustrated notes

Levels and vault maps discovered:
D:1:      ncdulo_halloftheorcs, layout_basic,
          shapermc_ecumenical_altar_starsandcircs

Action                   || total
-------------------------++-------
Melee: Hand axe          ||    12
 Abil: Spit Poison       ||     4
Armor: Scale mail        ||    11
Dodge: Dodged            ||     8
